 Dungeon Crawl Stone Soup version 0.18.1-50-g88ac8fd (webtiles) character file.

491 Gaplan the Conjurer (level 6, -2/32 HPs)
             Began as a Deep Elf Conjurer on Oct 12, 2016.
             Killed from afar by an orc wizard (9 damage)
             ... with a magic dart
             ... on level 3 of the Dungeon.
             The game lasted 00:21:10 (4494 turns).

Gaplan the Conjurer (Deep Elf Conjurer)             Turns: 4494, Time: 00:21:11

Health: -2/32      AC:  7    Str:  5    XL:     6   Next: 91%
Magic:  9/16       EV: 14    Int: 22    God:
Gold:   287        SH:  0    Dex: 15    Spells: 4 memorised, 4 levels left

rFire  . . .     SeeInvis .     v - +1 dagger (freeze)
rCold  . . .     Gourm    .     a - +0 robe
rNeg   . . .     Faith    .     (no shield)
rPois  .         Spirit   .     e - +0 helmet (curse)
rElec  .         Dismiss  .     (no cloak)
rCorr  .         Reflect  .     i - +0 pair of gloves
SustAt .         Harm     .     (no boots)
MR     .....                    (no amulet)
Stlth  ++........               (no ring)
                                p - +3 ring of protection

@: not resistant to hostile enchantments, unstealthy
A: no striking features
a: no special abilities


You were on level 3 of the Dungeon.
You were not hungry.

You visited 1 branch of the dungeon, and saw 4 of its levels.

You collected 287 gold pieces.

Inventory:

Hand Weapons
 v - a +1 dagger of freezing (weapon)
Armour
 a - a +0 robe (worn)
 e - a cursed +0 helmet (worn)
 i - a +0 pair of gloves (worn)
Jewellery
 p - a +3 ring of protection (left hand)
Scrolls
 d - a scroll of remove curse {unknown}
 h - 2 scrolls of teleportation
 l - 3 scrolls of identify {unknown}
 m - a scroll of noise {unknown}
 n - a scroll of blinking {unknown}
 q - a scroll of amnesia {unknown}
 t - a scroll of fear {unknown}
Potions
 f - 2 potions of mutation {unknown}
 g - 3 potions of lignification {unknown}
 k - a potion of ambrosia {unknown}
 o - a potion of haste {unknown}
 r - a potion of degeneration {unknown}
 s - 2 potions of curing {unknown}
Books
 b - a book of Conjurations

   Spells                             Type                      Level
   a - Magic Dart                     Conjuration                  1
   b - Searing Ray                    Conjuration                  2
   c - Dazzling Spray                 Conjuration/Hexes            3
   d - Fulminant Prism                Conjuration/Hexes            4
   e - Iskenderun's Mystic Blast      Conjuration                  4
   f - Iskenderun's Battlesphere      Conjuration/Charms           5
Comestibles
 c - a bread ration
 j - a slice of pizza
 u - a meat ration


   Skills:
 + Level 0.1 Fighting
 + Level 3.7 Dodging
 + Level 3.3 Stealth
 + Level 5.8 Spellcasting
 + Level 7.0 Conjurations
 + Level 2.1 Hexes


You had 4 spell levels left.
You knew the following spells:

 Your Spells              Type           Power        Failure   Level  Hunger
a - Magic Dart            Conj           ####         1%          1    None
b - Fulminant Prism       Conj/Hex       ####......   14%         4    ####...
c - Dazzling Spray        Conj/Hex       ####..       4%          3    ##.....
d - Iskenderun's Mystic   Conj           #####...     6%          4    ####...


Dungeon Overview and Level Annotations

Branches:
Dungeon (4/15)
 Temple: D:4-7

Altars:
Elyvilon
Fedhas


Message History

You hear some strange, mumbled words.
A magic dart appears from out of thin air!
The magic dart hits you!
You hit something. You freeze something. Something hits you but does no damage.
You barely miss something. Something hits you.
* * * LOW HITPOINT WARNING * * *
You miss something. Something hits you but does no damage.
Casting: Magic Dart
Confirm with . or Enter, or press ? or * to list all spells.
You can't see any susceptible monsters within range! (Use Z to cast anyway.) Unknown command.
Casting: Magic Dart
Confirm with . or Enter, or press ? or * to list all spells.
You can't see any susceptible monsters within range! (Use Z to cast anyway.) Unknown command.
You hit something. You freeze something. Something hits you.
* * * LOW HITPOINT WARNING * * *
A magic dart appears from out of thin air!
The magic dart hits you!
You die...

#####.##.#
#..####.###.#..)##. #
#.##.######..# #.# #.#......
# #..........).#
#)###.#..###. #
#.##.#######)####............
#####.##.# #.##...........###
......##.# #.##.#####.#.### #
#.#)####.# #.##.# #.#.# #
#..[)<.).# #.##.# #.#.# #
[##.###### #@##.#####.#.#####
.##.# #.##.#..........#.
.##.# #.....W....#.####.
.##.# ####...#####.# #. .##.#
###.# #.# ## #...# #.# #.# #
....# #.# ##### ## ....#
#.####...###. #...###
#.##...P.....


There were no monsters in sight!

Vanquished Creatures
  An ogre (D:3)
  4 orc wizards
  3 orc priests
  Ijyb (D:2)
  A worker ant (D:4)
  Terence (D:2)
  A gnoll (D:1)
  5 adders
  2 dart slugs (D:3)
  4 giant geckos
  12 orcs
  2 ball pythons (D:3)
  5 giant cockroaches (D:1)
  9 goblins
  8 hobgoblins
  5 bats
  2 giant newts
  2 kobolds (D:2)
  9 rats
  A fulminant prism (D:4)
  A fungus (D:1)
79 creatures vanquished.

Vanquished Creatures (others)
  11 fulminant prisms
11 creatures vanquished.

Grand Total: 90 creatures vanquished

Notes
Turn   | Place    | Note
--------------------------------------------------------------
     0 | D:1      | Gaplan the Deep Elf Conjurer began the quest for the Orb.
     0 | D:1      | Reached XP level 1. HP: 10/10 MP: 6/6
   407 | D:1      | Reached XP level 2. HP: 15/15 MP: 1/8
   763 | D:1      | Reached skill level 5 in Conjurations
   763 | D:1      | Reached XP level 3. HP: 19/19 MP: 2/9
  1254 | D:2      | Noticed Terence
  1300 | D:2      | Killed Terence
  1300 | D:2      | Reached XP level 4. HP: 2/24 MP: 0/11
  1569 | D:2      | Learned a level 4 spell: Fulminant Prism
  1800 | D:2      | Found a blossoming altar of Fedhas.
  1945 | D:2      | Noticed Ijyb
  1951 | D:2      | Killed Ijyb
  2597 | D:3      | Reached skill level 6 in Conjurations
  2597 | D:3      | Reached XP level 5. HP: 28/28 MP: 7/13
  2802 | D:3      | Found a white marble altar of Elyvilon.
  3232 | D:3      | Reached skill level 1 in Hexes
  3625 | D:4      | Reached skill level 5 in Spellcasting
  3691 | D:4      | Reached XP level 6. HP: 21/32 MP: 5/15
  4307 | D:2      | Learned a level 3 spell: Dazzling Spray
  4312 | D:2      | Learned a level 4 spell: Iskenderun's Mystic Blast
  4393 | D:4      | Reached skill level 7 in Conjurations
  4494 | D:3      | Killed from afar by an orc wizard

Skill      XL: |  1  2  3  4  5  6 |
---------------+-------------------+-----
Conjurations   | 5 6 7 |  7.0
Dodging        | 3 |  3.7
Spellcasting   | 4 5 |  5.8
Hexes          | 1 2 |  2.1
Stealth        | 3 |  3.3
Fighting       | |  0.1

Action                   |  1- 3 |  4- 6 || total
-------------------------+-------+-------++-------
Melee: Unarmed           |    96 |     1 ||    97
       Dagger            |       |    37 ||    37
 Cast: Magic Dart        |    71 |    96 ||   167
       Fulminant Prism   |       |    12 ||    12
       Dazzling Spray    |       |     7 ||     7
  Use: Scroll            |       |     2 ||     2
  Eat: Bread ration      |     1 |     2 ||     3
       Chunk             |       |     2 ||     2
Armor: Robe              |     7 |    16 ||    23
Dodge: Dodged            |    21 |    22 ||    43
